[Event "*** SCC Grand Prix: Titled Tuesday Blitz"]
[Site "Chess.com"]
[Date "2020.06.02"]
[Round "6"]
[White "gixfantastix"]
[Black "1f3_2g41-0"]
[Result "1-0"]
[WhiteElo "2088"]
[BlackElo "2236"]
[TimeControl "180+1"]
[EndTime "11:10:19 PDT"]
[Termination "gixfantastix won by resignation"]

1. e3 d5 2. b3 e5 3. Bb2 Nc6 4. Bb5 Bd6 5. f4 exf4 6. Bxg7 Qh4+ 7. Kf1 fxe3 8. dxe3 Bg4 9. Nf3 Bxf3 10. Qxf3 f6 11. Bxh8 Be5 12. c3 Ne7 13. g3 Qh3+ 14.
Ke1 Kf7 15. Bxf6 Bxf6 16. Rf1 Qh6 17. Nd2 Ne5 18. Qe2 c6 19. Bd3 Nxd3+ 20. Qxd3 Qxh2 21. Kd1 Qxg3 22. Kc2 Ng6 23. Rf3 Qe5 24. Raf1 Re8 25. e4 dxe4 26. Nxe4 Qxe4 27. Rxf6+ Kg7 28. Rf7+ Kh6 29.
Qxe4 Rxe4 30. Rh1+ Kg5 31. Rhxh7 Re2+ 32. Kb1 Ne5 33.
Rxb7 Nd3 34. Rxa7 Rb2+ 35. Ka1 Rc2 36. Rhg7+ Kf6 37. Raf7+ Ke6 38. Rf1 Rxc3 39. Rg3 Kd5 40. Rd1 Kd4 41. Rdxd3+ Rxd3 42. Rxd3+ Kxd3 43. Kb2 Kd4 44. Kc2 Kc5 45. Kc3 Kb5 46. a3 c5 47. Kd3 Kb6 48. Kc4 Kc6 49. a4 Kb6 50. Kd5 c4 51.
Kxc4 Ka5 52. Kc3 Kb6 53. b4 Ka6 54. Kc4 Kb6 55. Kd5 Ka6 56. Kc5 Kb7 57. Kb5 Ka7 58. a5 Kb7 59. a6+ Ka7 60. Ka5 Ka8 61. b5 Ka7 62.
b6+ Ka8 63. Kb5 Kb8 64. a7+ Kb7 65. a8=Q+ Kxa8 66. Ka6 Kb8 67. b7 Kc7 68. Ka7 Kc6 69. b8=Q 1-0

[Event "*** SCC Grand Prix: Titled Tuesday Blitz"]
[Site "Chess.com"]
[Date "2020.06.02"]
[Round "6"]
[White "Harry_Rakkel"]
[Black "GMCarbone"]
[Result "0-1"]
[WhiteElo "2504"]
[BlackElo "2347"]
[TimeControl "180+1"]
[EndTime "11:10:20 PDT"]
[Termination "GMCarbone won by resignation"]

1. d4 Nf6 2. c4 g6 3. Nc3 d5 4. Bf4 Bg7 5. e3 c5 6. dxc5 Qa5 7. Rc1 dxc4 8. Bxc4 O-O 9. Ne2 Qxc5 10. Bb3 Qh5 11.
O-O Nc6 12. f3 Rd8 13. Qe1 Nb4 14. Rd1 Nd3 15. Ng3 Qa5 16. Qe2 Nxf4 17. exf4 e6 18. Kh1 Bd7 19. Nce4 Bb5 20. Bc4 Bxc4 21. Qxc4 Nd5 22.
Qb3 Qb6 23. f5 gxf5 24. Nf2 Qxb3 25. axb3 Bxb2 26. Nd3 Bf6 27. Nh5 Be7 28. Rfe1 Rac8 29. Ne5 b5 30. Ra1 Rc7 31. h3 a5 32. g4 fxg4 33.
hxg4 Bb4 34. Red1 Rdc8 35. Kg2 Rc3 36. Rh1 Rxb3 37. Nd7 Rb2+ 38. Kg3 Bd6+ 39. Kh4 Be7+ 40. g5 Rc4+ 41. Kg3 a4 42. Nhf6+ Bxf6 43. gxf6 Rb3 44. Rag1 Rf4 45. Rh5 Rfxf3+ 46. Kh2+ Kh8 47. Ne5 Rf2+ 48. Kh1 Rxf6 49. Rc1 Rc3 50. Rg1 h6 51. Nd7 Rg6 52.
Rxg6 fxg6 53. Rxh6+ Kg7 54. Rh2 a3 55. Ne5 Rb3 56. Rg2 Rb1+ 57. Kh2 Rb2 58. Nxg6 Rxg2+ 59. Kxg2 0-1

[Event "*** SCC Grand Prix: Titled Tuesday Blitz"]
[Site "Chess.com"]
[Date "2020.06.02"]
[Round "6"]
[White "ChessQueen"]
[Black "rasmussvane"]
[Result "0-1"]
[WhiteElo "2654"]
[BlackElo "2902"]
[TimeControl "180+1"]
[EndTime "11:10:21 PDT"]
[Termination "rasmussvane won by resignation"]

1. e4 c6 2. c4 d5 3. cxd5 cxd5 4. exd5 Nf6 5. Nc3 Nxd5 6. Nf3 Nc6 7. Bb5 g6 8. Qa4 Nb6 9. Qh4 Bg7 10. Bxc6+ bxc6 11. O-O c5 12. Re1 Bb7 13. Ne4 O-O 14. Nxc5 Bxf3 15.
gxf3 Qd5 16. Ne4 Nc4 17. Nc3 Qc6 18. Qe4 Qxe4 19. fxe4 Ne5 20. Re3 Rfd8 21. Kf1 Bh6 22. Rh3 Bxd2 23. Ke2 Bxc1 24. Rxc1 Rab8 25. b3 Rbc8 26.
f4 Nc6 27. Rd1 Rxd1 28. Kxd1 e5 29. Nd5 Kg7 30. Rc3 exf4 31. Nxf4 Rd8+ 32. Ke2 Nd4+ 33. Ke3 Rd7 34. a4 a5 35. Nd5 Ne6 36. b4 axb4 37.
Nxb4 Ra7 38. Ra3 Ra5 39. Nc6 Ra6 40. Nd4 Nc5 41. a5 Kf6 42. h3 h6 43. Kf4 g5+ 44.
Ke3 Ke5 45. Nf3+ Kd6 46. Nd2 Ke6 47. Nc4 h5 48. Kd4 Nb7 49. Kc3 Nc5 50. Kb4 Nxe4 51.
Kb5 Ra8 52. a6 Nd6+ 53. Nxd6 Kxd6 54. Rd3+ Ke5 55. Re3+ Kf4 56. Re7 f5 57. Kb6 g4 58.
hxg4 fxg4 59. Kb7 Rh8 60. a7 g3 61. Rf7+ Kg4 62. Rg7+ Kh3 63. Rc7 g2 64. Rc8 Rxc8 65.
Kxc8 g1=Q 0-1

[Event "*** SCC Grand Prix: Titled Tuesday Blitz"]
[Site "Chess.com"]
[Date "2020.06.02"]
[Round "6"]
[White "PavelShkapenko"]
[Black "Rakesh"]
[Result "0-1"]
[WhiteElo "2634"]
[BlackElo "2374"]
[TimeControl "180+1"]
[EndTime "11:10:22 PDT"]
[Termination "Rakesh won by resignation"]

1. e4 c5 2. c3 Nf6 3. e5 Nd5 4. d4 cxd4 5. cxd4 e6 6. Nc3 Nxc3 7. bxc3 Qc7 8. Bd2 d6 9. f4 Nc6 10. Bd3 Be7 11. Nh3 b6 12. O-O Bb7 13. Qh5 g6 14. Qh6 O-O-O 15. Ng5 Bxg5 16. Qxg5 dxe5 17. fxe5 Nxe5 18. Bf4 f6 19. Qg3 Qc6 20. Be2 Nc4 21. Bh6 f5 22. Bf3 Qd7 23. Bg5 Rde8 24. Be2 Nd6 25. Bf4 Ne4 26. Qd3 g5 27. Be5 Rhf8 28. c4 Rd8 29. c5 Qd5 30. cxb6 Nc5 31. Qg3 f4 32. Qh3 h5 33. Rf2 Ne4 34. Rc1+ Bc6 35. Qf3 g4 36. b7+ Kxb7 37. Qb3+ Qxb3 38. axb3 Nxf2 39. Kxf2 g3+ 40. hxg3 fxg3+ 41. Ke3 h4 42. b4 Bxg2 43. Rc7+ Ka8 44. Rh7 h3 45. Bxg3 Rg8 46.
Be5 Rdf8 47. Bd6 Rd8 48. Be5 Rc8 49. Bd3 Rc1 50. Kd2 Rf1 51. Bxf1 Bxf1 52. Ke1 Bg2 53.
Kf2 Rc8 54. Kg3 a6 55. Rh8 Rxh8 56. Bxh8 Kb7 57. Be5 Kc6 58. Bf6 Kd5 59. Be5 Kc4 60. Bd6 Kxd4 61. Bc5+ Kc4 62. Kf2 a5 0-1

[Event "*** SCC Grand Prix: Titled Tuesday Blitz"]
[Site "Chess.com"]
[Date "2020.06.02"]
[Round "6"]
[White "sopo-tereladze"]
[Black "Ashedu66"]
[Result "0-1"]
[WhiteElo "2334"]
[BlackElo "2186"]
[TimeControl "180+1"]
[EndTime "11:10:22 PDT"]
[Termination "Ashedu66 won on time"]

1. e4 e5 2. Nf3 Nc6 3. Bc4 Bc5 4. d3 Nf6 5. c3 a6 6. a4 Ba7 7. O-O O-O 8. Nbd2 d5 9. Ba2 dxe4 10.
Nxe4 Nxe4 11. dxe4 Qxd1 12. Rxd1 Bg4 13. Be3 Rad8 14. Rxd8 Rxd8 15. Bxa7 Bxf3 16. gxf3 Nxa7 17. Kf1 Kf8 18. Ke2 Ke7 19. Rg1 g6 20. Ke3 a5 21.
h4 Kf6 22. Bc4 b6 23. Rg4 Rd1 24. f4 h5 25. Rg5 Nc6 26. Bd5 exf4+ 27. Kxf4 Ne7 28.
e5+ Kg7 29. Be4 Rd2 30. f3 Rxb2 31. e6 f5 32. Bb7 Kf6 33. Rg1 Ra2 34. Re1 Rxa4+ 35.
Kg3 Rc4 36. f4 Rxc3+ 37. Bf3 Rd3 38. Rc1 c5 39. Rb1 Rd6 40. Kf2 Rxe6 41. Rd1 a4 42.
Rd8 b5 43. Rf8+ Kg7 44. Rb8 b4 45. Rb7 Kf6 46. Ra7 a3 47. Be2 Rd6 48. Bc4 Rd4 49.
Ra6+ Kg7 50. Be6 Rxf4+ 51. Kg3 Re4 52. Kf3 Kf6 53. Bb3+ Ke5 54. Re6+ Kd4 55. Rd6+ Kc3 56. Bf7 Rd4 0-1

[Event "*** SCC Grand Prix: Titled Tuesday Blitz"]
[Site "Chess.com"]
[Date "2020.06.02"]
[Round "6"]
[White "Ceejay271"]
[Black "Heineccius"]
[Result "1/2-1/2"]
[WhiteElo "2414"]
[BlackElo "2604"]
[TimeControl "180+1"]
[EndTime "11:10:23 PDT"]
[Termination "Game drawn - insufficient material"]

1. d4 Nf6 2. c4 e6 3. Nc3 Bb4 4. g3 d5 5. Bg2 O-O 6. Nf3 dxc4 7. O-O Nc6 8. Qa4 Bd7 9. Ne5 Bxc3 10. Nxd7 Nxd7 11.
bxc3 Nb6 12. Qc2 e5 13. dxe5 Nxe5 14. Bxb7 Rb8 15. Bg2 Qf6 16. Be3 Rfe8 17. a4 a5 18.
Rfd1 Qe6 19. Rab1 Rbd8 20. Rb5 Ng4 21. Bxb6 cxb6 22. Bh3 Rxd1+ 23. Qxd1 Nxf2 24. Bxe6 Nxd1 25. Bxc4 Nxc3 26. Rxb6 Nxa4 27. Rb7 Rf8 28. Ra7 Nb2 29. Bb3 a4 30. Bxa4 Nc4 31. Bb3 Ne5 32. Re7 Nc6 33.
Rc7 Nd4 34. Bc4 g6 35. e3 Nf5 36. Kf2 Kg7 37. e4 Nd6 38. Bd5 Ne8 39. Rc8 Nf6 40. Rxf8 Kxf8 41. Bb7 Ke7 42. Kf3 h5 43. h3 Nd7 44. Kf4 Kf6 45. Bd5 Ne5 46. h4 Ng4 47. Kf3 Ne5+ 48. Kf4 Nd7 49. Kf3 Ke7 50. Kf4 f6 51.
Bb3 Ne5 52. Bd5 Kd6 53. Bb3 Kc5 54. Bd5 Kd4 55. Bb7 Nd3+ 56. Kf3 Ke5 57. Bd5 Nc5 58. Bf7 g5 59. Bxh5 Nxe4 60. hxg5 fxg5 61. Bg6 Nf6 62. Bc2 g4+ 63. Ke3 Nd5+ 64. Kf2 Kd4 65. Bd1 Ne3 66.
Bxg4 Nxg4+ 67. Kf3 Ne5+ 68. Kf4 Kd5 69. Kf5 Kd6 70. g4 Nxg4 1/2-1/2

[Event "*** SCC Grand Prix: Titled Tuesday Blitz"]
[Site "Chess.com"]
[Date "2020.06.02"]
[Round "6"]
[White "AlexanderL"]
[Black "BLITZMASTER"]
[Result "1-0"]
[WhiteElo "2807"]
[BlackElo "2515"]
[TimeControl "180+1"]
[EndTime "11:10:24 PDT"]
[Termination "AlexanderL won on time"]

1. Nf3 g6 2. e4 Bg7 3. c4 c5 4. d4 Qa5+ 5. Bd2 Qb6 6. Nc3 cxd4 7.
Nd5 Qd8 8. Bf4 d6 9. e5 e6 10. Nb4 dxe5 11. Nxe5 Qa5 12. Nd3 Nc6 13. Bd2 Qc7 14.
Nxc6 bxc6 15. Bb4 Ne7 16. Be2 O-O 17. O-O Rd8 18. Nc5 a5 19. Ba3 e5 20. Rc1 f5 21. f3 Bh6 22. Rc2 Be3+ 23. Kh1 Kg7 24. Bd3 Ng8 25. Re2 Nf6 26. b3 Qf7 27. Rxe3 dxe3 28. Qe1 f4 29. Qc3 Re8 30. Bb2 Bf5 31. Bxf5 gxf5 32. Nd3 Nd7 33. Nxf4 Kh6 34. Qxe3 exf4 35.
Qxf4+ Kg6 36. g4 h6 37. Rd1 Nf8 38. gxf5+ Kh7 39. Rd6 Re1+ 40. Kg2 Qg8+ 41. Kh3 Qg5 42. Qxg5 hxg5 43. Kg4 Rae8 44. Kh5 R1e7 45. Kxg5 Kg8 46. Kf4 Nh7 47. Rg6+ Kf8 48. Ba3 Kf7 49. Bxe7 Rxe7 50.
Rxc6 Ra7 51. h4 Nf8 52. h5 Nd7 53. h6 Nf6 54. Kg5 Nh7+ 55. Kf4 Nf6 56. Ke5 Nd7+ 57.
Kd4 Nf6 58. Kc5 Nd7+ 59. Kb5 a4 60. b4 a3 61. c5 Rb7+ 62. Ka5 Ne5 63. Rb6 Nc4+ 64.
Ka6 Re7 65. Re6 Rd7 66. h7 Kg7 67. Rh6 Kh8 68. c6 Rc7 69. b5 Rc8 70. b6 1-0

[Event "*** SCC Grand Prix: Titled Tuesday Blitz"]
[Site "Chess.com"]
[Date "2020.06.02"]
[Round "6"]
[White "umngqusho"]
[Black "Denis_Palkovich"]
[Result "1-0"]
[WhiteElo "2493"]
[BlackElo "2317"]
[TimeControl "180+1"]
[EndTime "11:10:24 PDT"]
[Termination "umngqusho won on time"]

1. e4 d5 2. exd5 Nf6 3. c4 c6 4. d4 cxd5 5. Nc3 g6 6. Qb3 Bg7 7. cxd5 O-O 8. Be2 Nbd7 9. Bf3 Nb6 10. Nge2 Bf5 11. O-O Bd3 12. d6 Qxd6 13. Bxb7 Rab8 14. Bf3 Bc4 15. Qd1 Nbd5 16. Re1 Rfc8 17. Ng3 e6 18.
Nge4 Nxe4 19. Nxe4 Qb6 20. b3 Bb5 21. Bb2 Qa5 22. Nd6 Rc6 23. Nxb5 Qxb5 24. Be2 Qb6 25. Bc4 a5 26. Rc1 Rd6 27. Qg4 h5 28. Qg3 a4 29.
Rcd1 Rdd8 30. h4 Qc7 31. Qxc7 Nxc7 32. Rc1 Nd5 33. Red1 Nf4 34. g3 Nd5 35. Kf1 axb3 36. axb3 Rb7 37. Ra1 Rdb8 38. Ke2 Nb6 39. Ba6 Rc7 40.
Bd3 Nd5 41. Ra3 Nb4 42. Bc4 Nc6 43. Rda1 Rd7 44. Ra8 Rxa8 45. Rxa8+ Kh7 46. d5 exd5 47.
Bxg7 Kxg7 48. Bb5 Nd4+ 49. Kd3 Nxb5 50. Rb8 Nd6 51. b4 Ne4 52. Kd4 Nxf2 53. b5 Nh1 54. b6 Nxg3 55. Kc5 1-0

[Event "*** SCC Grand Prix: Titled Tuesday Blitz"]
[Site "Chess.com"]
[Date "2020.06.02"]
[Round "6"]
[White "Poghosyan_Suren"]
[Black "ItsCheckM8Mate"]
[Result "1-0"]
[WhiteElo "2442"]
[BlackElo "2264"]
[TimeControl "180+1"]
[EndTime "11:10:24 PDT"]
[Termination "Poghosyan_Suren won on time"]

1. d4 Nf6 2. c4 c5 3. Nc3 cxd4 4. Qxd4 Nc6 5. Qh4 Nb4 6. Rb1 Nc2+ 7. Kd1 Nb4 8. e4 d6 9. Nf3 g6 10. Be2 Be6 11. Nd4 Bd7 12. Bh6 Qb6 13. Bxf8 Qxd4+ 14. Kc1 Rxf8 15. Rd1 Qc5 16. a3 Nc6 17. b4 Qb6 18. g4 Nd4 19. h3 Nxe2+ 20. Nxe2 Nxe4 21. g5 Nxf2 22. c5 dxc5 23. Qxf2 Rc8 24. Kd2 Ba4 25. Rdc1 Rd8+ 26. Ke1 f6 27. Rxc5 fxg5 28. Qe3 Qd6 29. Nc3 Rf6 30. Ne4 Re6 31. Nxd6+ Rdxd6 32. Rc3 Rxe3+ 33. Rxe3 h5 34. Rc1 Bc6 35. Rc5 g4 36. hxg4 h4 37. Rce5 Rd7 38. g5 Kf7 39. b5 Bg2 40.
Kf2 h3 41. Kg3 a6 42. b6 Ke8 43. Re2 Kf7 44. Rf2+ Kg7 45. Rc2 Kf7 46. Rc7 Ke8 47.
Rc8+ Kf7 48. Rc7 Ke8 49. a4 Kd8 50. Rec5 Rd6 51. Rc8+ Kd7 52. R8c7+ Ke6 53. a5 Rd3+ 54. Kh2 Rd2 55. Rc2 Rxc2 56. Rxc2 Kf5 57. Re2 e5 58. Kg3 e4 59. Re3 1-0

[Event "*** SCC Grand Prix: Titled Tuesday Blitz"]
[Site "Chess.com"]
[Date "2020.06.02"]
[Round "6"]
[White "Piotrek1979"]
[Black "hongnhung1234"]
[Result "1-0"]
[WhiteElo "2424"]
[BlackElo "2215"]
[TimeControl "180+1"]
[EndTime "11:10:24 PDT"]
[Termination "Piotrek1979 won by resignation"]

1. Nf3 f5 2. g3 Nf6 3. d3 g6 4. c4 Bg7 5. Nc3 O-O 6. Bg2 d6 7. O-O e5 8. e4 Nc6 9. Bg5 h6 10. Bxf6 Bxf6 11. Nd5 Bg7 12. Nh4 Kh7 13. exf5 Bxf5 14.
Rb1 Nd4 15. Nxf5 Rxf5 16. Be4 Rf8 17. Qg4 Nf5 18. h4 c6 19. Ne3 Qf6 20. h5 Kh8 21. hxg6 Nxe3 22. fxe3 Qg5 23. Qxg5 hxg5 24. Kg2 Kg8 25. Kh3 Rad8 26. Kg4 d5 27. cxd5 cxd5 28. Bf5 Bf6 29. Be6+ Kg7 30. Rh1 Kxg6 31. Bf5+ Kf7 32. Rh7+ Bg7 33. Rc1 Kf6 34. Rc7 Rf7 35. Rxf7+ Kxf7 36. Kxg5 Rd6 37. Rh2 Ra6 38. a3 Rb6 39. b4 Rc6 40. Rf2 Bf6+ 41. Kh5 Rc3 42. a4 Rb3 43. b5 Ra3 44. Rc2 Rxa4 45. Rc7+ Ke8 46. Rxb7 d4 47. exd4 Rxd4 48. Rxa7 Rb4 49. Kg6 Bd8 50. Be4 Rd4 51.
Bc6+ Kf8 52. Rf7+ Kg8 53. Rd7 Rxd7 54. Bxd7 Kf8 55. Kf5 Ke7 56. Bc6 Bc7 57. g4 Kf7 58. g5 Bd8 59. g6+ Kg7 60. Be4 Bc7 61. Ke6 Bb8 62. Kd7 Kf6 63. b6 Kg7 64. Kc8 Bd6 65. b7 Kf6 66. b8=Q Bxb8 67. Kxb8 Kg7 68. Kc7 Kf6 69. Kd6 1-0

[Event "*** SCC Grand Prix: Titled Tuesday Blitz"]
[Site "Chess.com"]
[Date "2020.06.02"]
[Round "6"]
[White "Djager97"]
[Black "IngOscarArdila"]
[Result "1-0"]
[WhiteElo "2380"]
[BlackElo "2099"]
[TimeControl "180+1"]
[EndTime "11:10:24 PDT"]
[Termination "Djager97 won by resignation"]

1. e4 e5 2. Nf3 Nf6 3. Nc3 Nc6 4. d4 exd4 5. Nxd4 Bb4 6. Nxc6 bxc6 7. Bd3 d5 8. exd5 cxd5 9. O-O O-O 10. h3 c6 11.
Qf3 Bd6 12. Re1 Rb8 13. b3 Re8 14. Rxe8+ Qxe8 15. Bf4 Qe7 16. Na4 Rb4 17. Bxd6 Qxd6 18. Qe3 d4 19. Qg5 Be6 20. Re1 Rb8 21. Qa5 Ra8 22.
Nc5 h6 23. b4 Nd5 24. a3 Nf4 25. Nxe6 fxe6 26. Re4 Nxd3 27. cxd3 Qd5 28. Qxd5 exd5 29. Rxd4 Kf7 30. Rf4+ Ke6 31. Rg4 g5 32. h4 gxh4 33.
Rxh4 a5 34. Rxh6+ Kd7 35. g4 axb4 36. axb4 Ra3 37. g5 Rxd3 38. g6 Rd4 39. f3 Ke7 40. g7 Kf7 41. Rg6 Kg8 42. Rxc6 Kxg7 43. b5 Kf7 44. b6 Rb4 45. Kf2 d4 46. Rc7+ Ke6 47.
b7 Kd6 48. Rg7 Ke5 49. Ke2 Kf4 50. Rf7+ Ke5 51. Kd3 Rb3+ 52. Kc4 Rc3+ 53. Kb5 Rc1 54. Ka6 Ra1+ 55. Kb6 Rb1+ 56. Kc7 Rc1+ 57. Kd8 Rb1 58. Kc8 Rc1+ 59. Rc7 Rb1 60. b8=Q Rxb8+ 61. Kxb8 Kf4 62. Rd7 Ke3 63. f4 d3 64. f5 d2 65. f6 Ke2 66.
f7 d1=Q 67. Rxd1 Kxd1 68. f8=Q 1-0

[Event "*** SCC Grand Prix: Titled Tuesday Blitz"]
[Site "Chess.com"]
[Date "2020.06.02"]
[Round "6"]
[White "Anton_Demchenko"]
[Black "Artem_Sadovsky"]
[Result "1-0"]
[WhiteElo "2827"]
[BlackElo "2523"]
[TimeControl "180+1"]
[EndTime "11:10:26 PDT"]
[Termination "Anton_Demchenko won by resignation"]

1. d4 g6 2. e4 Bg7 3. Nf3 d6 4. Bc4 e6 5. Qe2 Ne7 6. c3 h6 7.
Bd3 g5 8. Nbd2 Ng6 9. Nf1 g4 10. Ng1 h5 11. h3 e5 12. Be3 Nf4 13. Bxf4 exf4 14. hxg4 hxg4 15. Rxh8+ Bxh8 16. Qd2 Qf6 17. Ne2 f3 18. gxf3 gxf3 19. Neg3 Bg7 20. Ne3 Bh6 21.
O-O-O Bg4 22. Kb1 Bxe3 23. Qxe3 Nd7 24. Rh1 O-O-O 25. Qh6 Rg8 26. Kc1 Be6 27. a3 c5 28.
Qe3 Qg5 29. Kd2 Nf6 30. Qxg5 Rxg5 31. Ke3 c4 32. Bc2 Rb5 33. Rb1 Bg4 34. Kf4 Bh5 35. Bd1 Bg6 36. Kxf3 Nxe4 37. Nxe4 Kc7 38. Bc2 d5 39. Ke3 dxe4 40. Bxe4 f5 41. Rg1 fxe4 42. Rxg6 Rxb2 43. d5 Rc2 44. Kd4 Rxf2 45. Kxe4 Ra2 46. Kd4 Rxa3 47. Kxc4 Ra5 48. Kd4 Rb5 49. Rg7+ Kd6 50.
c4 Rb4 51. Rg6+ Kc7 52. Kc5 Rb1 53. Rg7+ Kd8 54. Kd6 Rb6+ 55. Ke5 Rh6 56. Rxb7 a5 57. Ra7 Kc8 58. Rxa5 Rh5+ 59. Kd4 Rh6 60. Kc5 Kc7 61. Ra7+ Kb8 62. Rg7 Rh1 63. Re7 Ra1 64. d6 Kc8 65. Kd5 Kd8 66. Rh7 Rh1 67. Rxh1 Kd7 68. Rh7+ 1-0

[Event "*** SCC Grand Prix: Titled Tuesday Blitz"]
[Site "Chess.com"]
[Date "2020.06.02"]
[Round "6"]
[White "Rodalquilar"]
[Black "vanyakuba"]
[Result "0-1"]
[WhiteElo "2615"]
[BlackElo "2468"]
[TimeControl "180+1"]
[EndTime "11:10:27 PDT"]
[Termination "vanyakuba won on time"]

1. d4 d5 2. c4 e6 3. Nc3 c5 4.
cxd5 cxd4 5. Qa4+ Bd7 6. Qxd4 exd5 7. Qxd5 Nc6 8. Nf3 Nf6 9. Qd1 Bc5 10. e3 Qe7 11.
Be2 O-O-O 12. O-O g5 13. b4 Bxb4 14. Bb2 Kb8 15. Rb1 Bf5 16. Qa4 Bxb1 17. Rxb1 g4 18.
Nd4 Nxd4 19. exd4 Bxc3 20. Bxc3 Qxe2 21. d5 Nxd5 22. Bxh8 Rxh8 23. Qd7 Nb6 24. Qxf7 h5 25. a4 Qe4 26. Rc1 Qxa4 27. Qc7+ Ka8 28. Qe5 Qe8 29.
Qb2 Rh6 30. Qb4 a6 31. Re1 Re6 32. Rd1 Ka7 33. g3 Qb5 34. Qc3 Qe2 35. Qd4 Qe5 36.
Qd2 Rc6 37. Rb1 Qc3 38. Qd1 Qc2 39. Qf1 Nc4 40. Rc1 Qb3 41. Rb1 Qc3 42. Rc1 Qd4 43.
Rd1 Nd2 44. Qe2 Rd6 45. Kh1 Qd5+ 46. Kg1 Nf3+ 47. Kg2 Qxd1 48. Qe3+ Qd4 49. Qe2 Ne5 50. h4 Qd5+ 51. Kh2 Nf3+ 52. Kh1 Nd4+ 53. Kh2 Nxe2 54.
f3 gxf3 55. g4 Qe5+ 56. Kh1 f2 0-1

[Event "*** SCC Grand Prix: Titled Tuesday Blitz"]
[Site "Chess.com"]
[Date "2020.06.02"]
[Round "6"]
[White "ChessicallyInclined"]
[Black "Pavel_Mir"]
[Result "0-1"]
[WhiteElo "2521"]
[BlackElo "2300"]
[TimeControl "180+1"]
[EndTime "11:10:27 PDT"]
[Termination "Pavel_Mir won by resignation"]

1. d4 Nf6 2. c4 c6 3. Nf3 d5 4. e3 g6 5. Nc3 Bg7 6. Bd2 O-O 7.
Bd3 Be6 8. c5 Bg4 9. h3 Bxf3 10.
Qxf3 e5 11. Bc2 exd4 12. exd4 Re8+ 13. Kf1 Na6 14. a3 Nc7 15. h4 h5 16. g3 Ne6 17.
Be3 Ng4 18. Rd1 Qe7 19. Ne2 Nc7 20. Bd2 Nb5 21. Bg5 Qxe2+ 22. Qxe2 Rxe2 23. Kxe2 Nxd4+ 24. Kd2 Nxf2 25. Rhf1 Nxd1 26. Bxd1 Re8 27. b4 Nf5 28. Bf4 Be5 29. g4 hxg4 30. Bxg4 Bxf4+ 31. Rxf4 Ne3 32. Be2 f5 33. Rf3 Ng4 34. Rg3 Re4 35.
Bf3 Rd4+ 36. Kc3 Rc4+ 37. Kb3 Kf7 38. Be2 Re4 39. Bd3 Re3 40. Rxe3 Nxe3 41. Kc3 Kf6 42. b5 Ke5 43. b6 axb6 44. cxb6 d4+ 45. Kd2 Nd5 46.
Ba6 Nxb6 47. Bxb7 c5 48. Bc6 Kd6 49. Be8 c4 50. Bxg6 f4 51. h5 Ke7 52. h6 Kf6 53. Be4 Na4 54. Bc6 Nc5 55. a4 c3+ 56. Kc2 f3 57. Bxf3 Nxa4 58. Bd1 Nc5 59. Bh5 Na4 60. Kd3 Nc5+ 61. Kc2 Ne6 62. Bg4 Nf4 63. h7 Kg7 64. Bf5 Kh8 65. Be4 Ne6 66. Kb3 Nc5+ 67. Kc4 Nxe4 68. Kxd4 c2 69. Kxe4 c1=Q 0-1

[Event "*** SCC Grand Prix: Titled Tuesday Blitz"]
[Site "Chess.com"]
[Date "2020.06.02"]
[Round "6"]
[White "FightingChess"]
[Black "WiktoriaPOL"]
[Result "1-0"]
[WhiteElo "2368"]
[BlackElo "2027"]
[TimeControl "180+1"]
[EndTime "11:10:27 PDT"]
[Termination "FightingChess won on time"]

1. e4 c5 2. c3 d5 3. exd5 Qxd5 4. d4 e6 5. Nf3 Nf6 6. Na3 Nc6 7. Nb5 Qd8 8. dxc5 Bxc5 9. Qxd8+ Kxd8 10. Bf4 Nd5 11. Rd1 Bd7 12. Bd6 Bb6 13. Be2 a6 14. Nbd4 Nxd4 15.
Nxd4 Bc7 16. Ba3 Nf4 17. Bf3 Kc8 18. g3 Nd5 19. O-O Bb6 20. c4 Nf6 21. b4 Kc7 22. c5 Ba7 23. Bc1 e5 24. Nc2 Ba4 25. Rd2 Rad8 26.
Ne3 e4 27. Be2 Rxd2 28. Bxd2 Rd8 29. Bc3 Bb5 30. Bxb5 axb5 31. Rd1 Rxd1+ 32. Nxd1 Nd5 33. Bd2 f5 34. Kf1 Kc6 35. Ke2 Bb8 36. f3 g6 37.
fxe4 fxe4 38. a3 Be5 39. Bc1 Nc3+ 40. Nxc3 Bxc3 41. Ke3 Kd5 42. Kf4 Bf6 43. h4 h5 44.
Ke3 Bg7 45. Ke2 Be5 46. Kf2 Kc4 47. Ke3 Bxg3 48. Kxe4 Bxh4 49. Ke5 Kb3 50. Kd6 Kc2 51. Be3 Kb2 52. Kc7 Kxa3 53. Bd2 g5 54. Kxb7 g4 55.
Bf4 Bd8 56. c6 Kxb4 57. Kc8 Bb6 58. Bc7 Bc5 59. Bd8 Bd6 60. Kd7 Bf4 61. Kc8 Be5 62. Bc7 Bd4 63. Kb7 Bc5 64. Be5 Be7 65. c7 h4 66. c8=Q h3 67. Qxg4+ 1-0

[Event "*** SCC Grand Prix: Titled Tuesday Blitz"]
[Site "Chess.com"]
[Date "2020.06.02"]
[Round "6"]
[White "JSMastropiero"]
[Black "lifeissofun"]
[Result "1-0"]
[WhiteElo "2444"]
[BlackElo "2262"]
[TimeControl "180+1"]
[EndTime "11:10:29 PDT"]
[Termination "JSMastropiero won by resignation"]

1. e4 c5 2. Nf3 d6 3. Bb5+ Nd7 4. d4 cxd4 5. Qxd4 a6 6. Bxd7+ Bxd7 7. Nc3 Nf6 8. Bg5 e6 9. O-O-O h6 10. Bh4 e5 11.
Qd3 Be6 12. Bxf6 Qxf6 13. Nd5 Qd8 14. Kb1 Rc8 15. Rhe1 Bxd5 16. Qxd5 Qc7 17. Re2 Be7 18. c3 O-O 19. Nd2 b5 20. Nf1 Kh7 21. Ne3 g6 22. g3 Qc5 23. h4 Qb6 24. Qd3 Rfd8 25. h5 b4 26. Nd5 Qb7 27. c4 a5 28. hxg6+ fxg6 29. Rh1 Kg7 30. Qd2 Bg5 31. f4 exf4 32.
gxf4 Be7 33. b3 a4 34. Rg2 axb3 35. axb3 Ra8 36. Qb2+ Kh7 37. Nf6+ Bxf6 38. Qxf6 Qg7 39. Qxg7+ Kxg7 40. Rd2 Ra3 41. Kb2 Rda8 42. Rhd1 Ra2+ 43. Kb1 Ra1+ 44. Kc2 R8a2+ 45. Kd3 Rxd1 46. Rxd1 Rb2 47.
Kd4 Rxb3 48. Kd5 Rc3 49. e5 dxe5 50. fxe5 b3 51. c5 b2 52. Rb1 Rc2 53. c6 Kf7 54. c7 Rxc7 55. Rxb2 g5 56. Rf2+ Kg6 57. e6 Rc1 58.
Re2 g4 59. e7 Rc8 60. e8=Q+ Rxe8 61. Rxe8 Kf5 62. Rf8+ Kg5 63. Ke5 Kh4 64. Rg8 h5 65. Kf4 Kh3 66. Rg5 Kh4 67. Rg8 Kh3 68.
Rg7 Kh4 69. Rh7 g3 70. Rg7 g2 71. Rxg2 Kh3 72. Rg5 h4 73. Rh5 1-0

[Event "*** SCC Grand Prix: Titled Tuesday Blitz"]
[Site "Chess.com"]
[Date "2020.06.02"]
[Round "6"]
[White "Crazy_girl99"]
[Black "EnergeticHay"]
[Result "1-0"]
[WhiteElo "2419"]
[BlackElo "2201"]
[TimeControl "180+1"]
[EndTime "11:10:29 PDT"]
[Termination "Crazy_girl99 won by resignation"]

1. Nf3 Nf6 2. g3 g6 3. Bg2 Bg7 4. O-O O-O 5. d4 d6 6. c4 c5 7. dxc5 dxc5 8. Qxd8 Rxd8 9. Be3 Ng4 10. Bc1 Be6 11. Na3 Nc6 12. h3 Nge5 13. Nd2 Rac8 14.
Rb1 b6 15. b3 Nb4 16. Nb5 a6 17. Nc3 Ned3 18. Nce4 Nxc1 19. Rbxc1 Nxa2 20. Rcd1 Nb4 21. Ng5 Bf5 22. e4 Bd7 23. g4 Bc6 24. Nb1 h6 25. Nf3 Bxe4 26. Rde1 Bd3 27. Rxe7 Bxf1 28. Bxf1 Rd1 29.
Nbd2 Rd8 30. Ne4 Ra1 31. Kg2 Kf8 32. Rb7 f5 33. gxf5 gxf5 34. Ng3 Rdd1 35. Be2 Rd6 36. Nxf5 Rg6+ 37. Kh2 Bc3 38. N3h4 Be5+ 39. Ng3 Bxg3+ 40. fxg3 Re6 41. Bf3 Ree1 42. g4 Ra2+ 43. Kg3 Re6 44. Kf4 Rf6+ 45. Ke5 Rf7 46. Rb8+ Kg7 47. Nf5+ Kh7 48.
Be4 Re2 49. Nd6+ Kg7 50. Nxf7 Kxf7 51. Rxb6 Nd3+ 52. Kd5 Nf4+ 53. Ke5 Nd3+ 54. Kd5 Nf4+ 55. Kxc5 Rxe4 56. Rxh6 Nd3+ 57. Kd5 Re3 58. Kd4 Rg3 59. Rxa6 Rxh3 60. c5 Nf4 61. c6 Ne6+ 62. Ke5 Rxb3 63. Ra7+ Ke8 64. Kxe6 Re3+ 65. Kd6 Rd3+ 66. Kc7 Re3 67. g5 Rg3 68. Ra5 Rd3 69. Re5+ Kf8 70. Kc8 Rc3 71. c7 Rc6 72. Rd5 Rc1 73. Kd7 Rxc7+ 1-0

[Event "*** SCC Grand Prix: Titled Tuesday Blitz"]
[Site "Chess.com"]
[Date "2020.06.02"]
[Round "6"]
[White "NZT72"]
[Black "lucachess49"]
[Result "1/2-1/2"]
[WhiteElo "2394"]
[BlackElo "2230"]
[TimeControl "180+1"]
[EndTime "11:10:29 PDT"]
[Termination "Game drawn by repetition"]

1. c4 Nf6 2. g3 e6 3. Bg2 d5 4. Nf3 dxc4 5. Qa4+ Nbd7 6. Qxc4 c5 7. Qc2 Qc7 8. d4 b6 9. O-O Bb7 10. Nc3 cxd4 11.
Nxd4 Bxg2 12. Kxg2 Bc5 13. Nb3 O-O 14. Nxc5 Nxc5 15.
Bf4 Qc6+ 16. Kg1 Rac8 17. Rac1 Nce4 18. Qb3 Nxc3 19. Rxc3 Qe4 20. Bd6 Rfe8 21. Qb5 Qd5 22.
Qxd5 Nxd5 23. Rcc1 f5 24. Be5 g6 25. Rfd1 Kf7 26.
a3 Ke7 27. h4 h5 28. Kg2 Rc5 29. Rxc5 bxc5 30. Rc1 Rc8 31. b4 c4 32. Bd4 a6 33.
Bc5+ Kd7 34. Rxc4 Rc6 35. Rc1 e5 36. Rd1 Ke6 37. Kf3 e4+ 38. Kg2 a5 39. Rb1 axb4 40.
axb4 Nc3 41. Rb2 Nd5 42. e3 Rc8 43. Kf1 Kd7 44. Bd4 Ke6 45. b5 Rb8 46. Ke2 Kd7 47.
Kd2 Kd6 48. Kc2 Rc8+ 49. Kb3 Rb8 50. Kc4 Rc8+ 51. Kb3 Rb8 52. Kc2 Rc8+ 53. Kd2 Rb8 54. b6 Kc6 55. Rc2+ Kd7 56. Rc5 Nxb6 57. Ke2 Kd6 58. Rb5 Kc6 59. Re5 Kd7 60. Rb5 Kc6 61. Rc5+ Kd7 62. Rb5 Kc6 1/2-1/2